 Dungeon Sprint DCSS version 0.17-a0-877-ga10078a (webtiles) character file.

967 ahoge the Fighter (level 8, -4/60 HPs)
             Began as a Gargoyle Berserker on Apr 30, 2015.
             Was a High Priest of Trog.
             Killed from afar by a gargoyle (9 damage)
             ... with a stone arrow
             ... in the Dungeon (Sprint IX: "|||||||||||||||||||||||||||||").
             The game lasted 00:03:10 (251 turns).

ahoge the Fighter (Gargoyle Berserker)               Turns: 251, Time: 00:03:10

Health: -4/60      AC: 22    Str: 21    XL:     8   Next: 15%
Magic:  8/8        EV: 13    Int:  8    God:    Trog [*****.]
Gold:   0          SH:  0    Dex: 14    Spells: 0 memorised, 7 levels left

rFire  . . .     SeeInvis .     n - +2 morningstar (protect)
rCold  . . .     Clarity  .     p - +1 scale mail
rNeg   + . .     SustAb   .     (no shield)
rPois  ∞         Gourm    .     (no helmet)
rElec  +         Spirit   .     (no cloak)
rCorr  .         Warding  .     o - +0 pair of gloves
rMut   .         NoTele   +     (no boots)
MR     ++...                    (no amulet)
Stlth  ..........               r - +2 ring of protection
                                q - +3 ring of dexterity

@: exhausted, regenerating, slowed, very slow, very resistant to hostile
enchantments, extremely unstealthy
A: negative energy resistance 1, electricity resistance, unbreathing,
petrification resistance, rot immunity, AC +5
a: Burn Spellbooks, Berserk, Trog's Hand, Brothers in Arms, Renounce Religion


You were in the Dungeon.
You worshipped Trog.
Trog was extremely pleased with you.
You were very hungry.

You visited 1 branch

Inventory:

Hand weapons
 a - a +0 mace
 n - a +2 morningstar of protection (weapon)
Armour
 b - a +0 animal skin
 o - a +0 pair of gloves (worn)
 p - a +1 scale mail (worn)
Jewellery
 q - a +3 ring of dexterity (left hand)
 r - a +2 ring of protection (right hand)
Magical devices
 m - a wand of draining (7)
Scrolls
 i - 2 scrolls of blinking
 l - 3 scrolls of remove curse
Potions
 d - 5 potions of curing
 e - 3 potions of heal wounds
 f - a potion of haste
 g - 4 potions of magic
 h - a potion of berserk rage
 k - a potion of invisibility
Comestibles
 c - a bread ration
 j - 4 chunks of flesh


   Skills:
 + Level 11.5 Fighting
 + Level 10.8 Maces & Flails
 + Level 6.5 Armour
 + Level 6.5 Dodging


You had 7 spell levels left.
You didn't know any spells.

Dungeon Overview and Level Annotations

Branches:
Dungeon (1/1)

Altars:
Cheibriados
Dithmenos
Elyvilon
Fedhas
Gozag
Kikubaaqudgha
Makhleb
Nemelex Xobeh
Okawaru
Qazlal
Ru
Sif Muna
Trog
Vehumet
Xom
Yredelemnul
Zin
The Shining One
Beogh
Jiyva
Lugonu


Innate Abilities, Weirdness & Mutations

You are resistant to torment.
Your stone body is resilient (AC +5).
You are immune to poison.
You resist negative energy.
You are resistant to electric shocks.
You can survive without breathing.
You are immune to petrification.
You are immune to rotting.


Message History

You are exhausted.
You feel yourself slow down.
You are feeling very hungry.
The tengu warrior seems less confused.
The gargoyle hurls a stone arrow at you.
The stone arrow hits you!
* * * LOW HITPOINT WARNING * * *
The crimson imp blinks!
The gargoyle hurls a stone arrow at you.
The stone arrow hits you!
* * * LOW HITPOINT WARNING * * *
The gargoyle hurls a stone arrow at you.
The stone arrow hits you!
* * * LOW HITPOINT WARNING * * *
The crimson imp blinks!
The gargoyle hurls a stone arrow at you.
The stone arrow misses you.
The gargoyle hurls a stone arrow at you.
The stone arrow hits you!
You die...

▓?▓
▓|▓
▓)▓
▓.▓
▓[▓
▓.▓
▓.▓
▓.▓
▓@▓
▓.▓
▓.▓
▓.▓
▓.▓
▓9▓
▓Q▓
▓§▓
▓.▓


You could see a tengu warrior and a gargoyle.

Vanquished Creatures
  An ugly thing (D)
  A two-headed ogre (D)
  A wraith (D)
  A wasp (D)
  A giant frog (D)
  A jelly (D)
  An adder (D)
  A shadow imp (D)
  A worm (D)
  A giant gecko (D)
  2 goblins (D)
  A hobgoblin (D)
  A kobold (D)
  A quokka (D)
  A giant newt (D)
  A rat (D)
17 creatures vanquished.

Vanquished Creatures (others)
  A spatial maelstrom (D)
  2 giant spores (D)
  A ballistomycete (D)
4 creatures vanquished.

Grand Total: 21 creatures vanquished

Notes
Turn   | Place    | Note
--------------------------------------------------------------
     0 | D        | ahoge, the Gargoyle Berserker, began the quest for the Orb.
     0 | D        | Reached XP level 1. HP: 14/14 MP: 1/1
     3 | D        | Banished a spatial maelstrom
    13 | D        | Acquired Trog's second power
    13 | D        | Reached skill level 4 in Fighting
    85 | D        | Noticed a jelly
    90 | D        | Reached XP level 2. HP: 20/20 MP: 2/2
    95 | D        | Killed a jelly
    95 | D        | Reached skill level 5 in Fighting
    95 | D        | Reached skill level 5 in Maces & Flails
    95 | D        | Reached XP level 3. HP: 26/26 MP: 3/3
   101 | D        | Acquired Trog's third power
   113 | D        | Found a glowing silver altar of Zin.
   113 | D        | Found a glowing golden altar of the Shining One.
   113 | D        | Found an ancient bone altar of Kikubaaqudgha.
   113 | D        | Found a basalt altar of Yredelemnul.
   113 | D        | Found a shimmering altar of Xom.
   113 | D        | Found a radiant altar of Vehumet.
   113 | D        | Found an iron altar of Okawaru.
   114 | D        | Found a burning altar of Makhleb.
   115 | D        | Found a deep blue altar of Sif Muna.
   116 | D        | Found a bloodstained altar of Trog.
   117 | D        | Found a sparkling altar of Nemelex Xobeh.
   118 | D        | Found a white marble altar of Elyvilon.
   119 | D        | Found a roughly hewn altar of Beogh.
   120 | D        | Found a viscous altar of Jiyva.
   121 | D        | Found a corrupted altar of Lugonu.
   122 | D        | Found a blossoming altar of Fedhas.
   123 | D        | Found a snail-covered altar of Cheibriados.
   124 | D        | Found a shadowy altar of Dithmenos.
   125 | D        | Found a stormy altar of Qazlal.
   126 | D        | Found an opulent altar of Gozag.
   127 | D        | Found a sacrificial altar of Ru.
   173 | D        | Noticed a wraith
   173 | D        | Noticed a wasp
   173 | D        | Noticed a two-headed ogre
   173 | D        | Noticed a giant frog
   179 | D        | Killed a wraith
   179 | D        | Reached skill level 8 in Fighting
   179 | D        | Reached XP level 4. HP: 35/35 MP: 4/4
   179 | D        | Reached XP level 5. HP: 39/39 MP: 5/5
   182 | D        | Killed a wasp
   182 | D        | Reached skill level 9 in Fighting
   182 | D        | Reached XP level 6. HP: 46/46 MP: 6/6
   185 | D        | Killed a two-headed ogre
   185 | D        | Reached skill level 10 in Fighting
   185 | D        | Reached skill level 5 in Armour
   185 | D        | Reached skill level 5 in Dodging
   185 | D        | Reached XP level 7. HP: 52/52 MP: 7/7
   202 | D        | Killed a giant frog
   229 | D        | Noticed a green ugly thing
   229 | D        | Noticed a gargoyle
   229 | D        | Noticed a tengu warrior
   229 | D        | Noticed a crimson imp
   240 | D        | Killed a green ugly thing
   240 | D        | Reached skill level 11 in Fighting
   240 | D        | Reached skill level 10 in Maces & Flails
   240 | D        | Reached XP level 8. HP: 60/60 MP: 8/8
   249 | D        | HP: 3/60 [gargoyle/stone arrow (11)]
   251 | D        | Killed from afar by a gargoyle

Action                   |  1- 3 |  4- 6 |  7- 9 || total
-------------------------+-------+-------+-------++-------
Melee: Mace              |    32 |       |       ||    32
       Morningstar       |     4 |     6 |    28 ||    38
Invok: Berserk           |     2 |       |     1 ||     3
       Trog's Hand       |     2 |       |     1 ||     3
